TOP OF THE 1ST |
Portland Sea Dogs batting - Pitching for Corpus Christi Hooks : RHP Angel Cerros
|
Pitching: RHP Angel Cerros
|
|
Batting: RHB Sal Rivera
|
0-0: Ball 1-0: Swinging Strike 1-1: Swinging Strike 1-2: Ball 2-2: Ball 3-2: Strikes out swinging
|
Batting: RHB Mike Batko
|
0-0: SINGLE (Groundball, 6, EV 102.5 MPH)
|
Batting: RHB Ernie Genier
|
0-0: Called Strike 0-1: Ball 1-1: SINGLE (Flyball, 4D, EV 82.5 MPH) Mike Batko to second
|
Batting: RHB Alex Melendez
|
0-0: Called Strike 0-1: Foul Ball, location: 2F 0-2: SINGLE (Line Drive, 56, EV 103.1 MPH) Mike Batko to third Ernie Genier to second
|
Batting: RHB Travis Campbell
|
0-0: Foul Ball, location: 2F 0-1: Ball 1-1: Ball 2-1: Grounds into double play, 6-4-3 (Groundball, 6, EV 93.1 MPH)
|
Top of the 1st over - 0 runs, 3 hits, 0 errors, 2 left on base; Portland 0 - Corpus Christi 0 |
BOTTOM OF THE 1ST |
Corpus Christi Hooks batting - Pitching for Portland Sea Dogs : LHP Nick Barnes
|
Pitching: LHP Nick Barnes
|
|
Batting: RHB Edgar Trejo
|
0-0: Ball 1-0: Ball 2-0: Called Strike 2-1: Swinging Strike 2-2: Foul Ball, location: 2F 2-2: Foul Ball, location: 2F 2-2: Ball 3-2: Strikes out swinging
|
Batting: RHB Masaru Konno
|
0-0: Called Strike 0-1: Foul Ball, location: 2F 0-2: Ball 1-2: Strikes out swinging
|
Batting: RHB Elijah Hunter
|
0-0: Called Strike 0-1: Ball 1-1: Ball 2-1: Fly out, F7 (Line Drive, 78M, EV 91.9 MPH)
|
Bottom of the 1st over - 0 runs, 0 hits, 0 errors, 0 left on base; Portland 0 - Corpus Christi 0 |
TOP OF THE 2ND |
Portland Sea Dogs batting - Pitching for Corpus Christi Hooks : RHP Angel Cerros
|
Batting: LHB Keith Rice
|
0-0: Called Strike 0-1: Fly out, F6 (Line Drive, 6, EV 66.2 MPH)
|
Batting: RHB Miguel Villanueva
|
0-0: Ball 1-0: Called Strike 1-1: Foul Ball, location: 2F 1-2: Ball 2-2: Foul Ball, location: 2F 2-2: Strikes out swinging
|
Batting: RHB Frank Sokolosky
|
0-0: Ball 1-0: Reached on error, E4 (Groundball, 4, EV 104.4 MPH)
|
Batting: LHB Dave Reyes
|
0-0: Called Strike Frank Sokolosky steals 2nd base 0-1: Ball 1-1: Foul Ball, location: 2F 1-2: Strikes out swinging
|
Top of the 2nd over - 0 runs, 0 hits, 1 error, 1 left on base; Portland 0 - Corpus Christi 0 |
BOTTOM OF THE 2ND |
Corpus Christi Hooks batting - Pitching for Portland Sea Dogs : LHP Nick Barnes
|
Batting: RHB Jesus Malave
|
0-0: Ball 1-0: Fly out, F7 (Flyball, 7LSF, EV 88.8 MPH)
|
Batting: RHB Alex Campos
|
0-0: Foul Ball, location: 2F 0-1: Foul Ball, location: 2F 0-2: Strikes out swinging
|
Batting: RHB Lamar Thornton
|
0-0: Called Strike 0-1: Swinging Strike 0-2: Ball 1-2: Ball 2-2: Ball 3-2: Foul Ball, location: 2F 3-2: Base on Balls
|
Batting: RHB Juan Mendoza
|
0-0: Called Strike 0-1: Ball 1-1: Called Strike 1-2: Strikes out swinging, 2-3 out at first.
|
Bottom of the 2nd over - 0 runs, 0 hits, 0 errors, 1 left on base; Portland 0 - Corpus Christi 0 |
TOP OF THE 3RD |
Portland Sea Dogs batting - Pitching for Corpus Christi Hooks : RHP Angel Cerros
|
Batting: RHB Sal Rivera
|
0-0: Fly out, F8 (Flyball, 78M, EV 85.0 MPH)
|
Batting: RHB Mike Batko
|
0-0: Called Strike 0-1: Ball 1-1: Called Strike 1-2: Strikes out swinging
|
Batting: RHB Ernie Genier
|
0-0: Foul Ball, location: 2F 0-1: Hit by Pitch
|
Batting: RHB Alex Melendez
|
0-0: Ball 1-0: Foul Ball, location: 2F 1-1: Called Strike 1-2: Ball 2-2: Fielders Choice at 2nd, 6-4 (Groundball, 6, EV 109.4 MPH)
|
Top of the 3rd over - 0 runs, 0 hits, 0 errors, 1 left on base; Portland 0 - Corpus Christi 0 |
BOTTOM OF THE 3RD |
Corpus Christi Hooks batting - Pitching for Portland Sea Dogs : LHP Nick Barnes
|
Batting: RHB John Sabean
|
0-0: Ball 1-0: Called Strike 1-1: Ball 2-1: Foul Ball, location: 2F 2-2: Ball 3-2: Foul Ball, location: 2F 3-2: Ground out 4-3 (Groundball, 4, EV 103.1 MPH)
|
Batting: RHB Dave Gallegos
|
0-0: Called Strike 0-1: Ball 1-1: Swinging Strike 1-2: Ball 2-2: Fly out, F4 (Popup, 34D, EV 58.1 MPH)
|
Batting: RHB Edgar Trejo
|
0-0: Called Strike 0-1: Ball 1-1: Fly out, F8 (Line Drive, 8LD, EV 94.4 MPH)
|
Bottom of the 3rd over - 0 runs, 0 hits, 0 errors, 0 left on base; Portland 0 - Corpus Christi 0 |
TOP OF THE 4TH |
Portland Sea Dogs batting - Pitching for Corpus Christi Hooks : RHP Angel Cerros
|
Batting: RHB Travis Campbell
|
0-0: Called Strike 0-1: Swinging Strike 0-2: Strikes out swinging
|
Batting: LHB Keith Rice
|
0-0: Ball 1-0: Swinging Strike 1-1: Ball 2-1: Ball 3-1: Ground out 4-3 (Groundball, 4, EV 97.5 MPH)
|
Batting: RHB Miguel Villanueva
|
0-0: Ball 1-0: Ball 2-0: Foul Ball, location: 2F 2-1: Ball 3-1: Base on Balls
|
Batting: RHB Frank Sokolosky
|
0-0: Foul Ball, location: 2F 0-1: Ball 1-1: Swinging Strike 1-2: Ground out 4-3 (Groundball, 34, EV 86.2 MPH)
|
Top of the 4th over - 0 runs, 0 hits, 0 errors, 1 left on base; Portland 0 - Corpus Christi 0 |
BOTTOM OF THE 4TH |
Corpus Christi Hooks batting - Pitching for Portland Sea Dogs : LHP Nick Barnes
|
Batting: RHB Masaru Konno
|
0-0: Called Strike 0-1: Foul Ball, location: 2F 0-2: Ball 1-2: Ball 2-2: Ball 3-2: Foul Ball, location: 2F 3-2: Foul Ball, location: 2F 3-2: Foul Ball, location: 2F 3-2: Base on Balls
|
Batting: RHB Elijah Hunter
|
0-0: Foul Ball, location: 2F 0-1: Ball 1-1: Foul Ball, location: 2F 1-2: Ball 2-2: Strikes out swinging
|
Batting: RHB Jesus Malave
|
0-0: Ball 1-0: Ball 2-0: Ball Masaru Konno is caught stealing 2nd base 2-4 3-0: Base on Balls
|
Batting: RHB Alex Campos
|
0-0: Called Strike 0-1: Ball 1-1: Ball 2-1: Called Strike 2-2: Strikes out looking
|
Bottom of the 4th over - 0 runs, 0 hits, 0 errors, 1 left on base; Portland 0 - Corpus Christi 0 |
TOP OF THE 5TH |
Portland Sea Dogs batting - Pitching for Corpus Christi Hooks : RHP Angel Cerros
|
Batting: LHB Dave Reyes
|
0-0: Ball 1-0: Foul Ball, location: 2F 1-1: Foul Ball, location: 2F 1-2: Ground out 1-3 (Groundball, 13S, EV 70.0 MPH)
|
Batting: RHB Sal Rivera
|
0-0: Ball 1-0: Swinging Strike 1-1: Ball 2-1: Ball 3-1: Ground out 5-3 (Groundball, 5S, EV 80.0 MPH)
|
Batting: RHB Mike Batko
|
0-0: Foul Ball, location: 2F 0-1: Fly out, F9 (Flyball, 89S, EV 80.6 MPH)
|
Top of the 5th over - 0 runs, 0 hits, 0 errors, 0 left on base; Portland 0 - Corpus Christi 0 |
BOTTOM OF THE 5TH |
Corpus Christi Hooks batting - Pitching for Portland Sea Dogs : LHP Nick Barnes
|
Batting: RHB Lamar Thornton
|
0-0: Swinging Strike 0-1: Ball 1-1: Ball 2-1: Ball 3-1: Swinging Strike 3-2: Foul Ball, location: 2F 3-2: Strikes out swinging
|
Batting: RHB Juan Mendoza
|
0-0: Ball 1-0: Foul Ball, location: 2F 1-1: Ball 2-1: Swinging Strike 2-2: Strikes out swinging
|
Batting: RHB John Sabean
|
0-0: Ball 1-0: Foul Ball, location: 2F 1-1: Ball 2-1: Foul Ball, location: 2F 2-2: Ball 3-2: Foul Ball, location: 2F 3-2: Foul Ball, location: 2F 3-2: Base on Balls
|
Pitching: LHP Jon Convery
|
|
Batting: RHB Dave Gallegos
|
0-0: Ball 1-0: Foul Ball, location: 2F 1-1: Called Strike 1-2: Foul Ball, location: 2F 1-2: Strikes out swinging
|
Bottom of the 5th over - 0 runs, 0 hits, 0 errors, 1 left on base; Portland 0 - Corpus Christi 0 |
TOP OF THE 6TH |
Portland Sea Dogs batting - Pitching for Corpus Christi Hooks : RHP Angel Cerros
|
Batting: RHB Ernie Genier
|
0-0: Foul Ball, location: 2F 0-1: Ground out 1-3 (Groundball, 13S, EV 65.0 MPH)
|
Batting: RHB Alex Melendez
|
0-0: Foul Ball, location: 2F 0-1: Ball 1-1: Ball 2-1: SINGLE (Groundball, 6MD, EV 97.5 MPH)
|
Batting: RHB Travis Campbell
|
0-0: Foul Ball, location: 2F 0-1: Ball 1-1: Ball 2-1: Called Strike 2-2: Fielders Choice at 2nd, 6-4 (Groundball, 6, EV 86.2 MPH)
|
Batting: LHB Keith Rice
|
Pickoff Throw to First - Out! 1-3 CS
|
Top of the 6th over - 0 runs, 1 hit, 0 errors, 0 left on base; Portland 0 - Corpus Christi 0 |
BOTTOM OF THE 6TH |
Corpus Christi Hooks batting - Pitching for Portland Sea Dogs : LHP Jon Convery
|
Batting: RHB Edgar Trejo
|
0-0: Ball 1-0: Called Strike 1-1: Fly out, F8 (Line Drive, 8RS, EV 94.4 MPH)
|
Batting: RHB Masaru Konno
|
0-0: Ball 1-0: Called Strike 1-1: Swinging Strike 1-2: Strikes out looking
|
Batting: RHB Elijah Hunter
|
0-0: Swinging Strike 0-1: Called Strike 0-2: Strikes out swinging
|
Bottom of the 6th over - 0 runs, 0 hits, 0 errors, 0 left on base; Portland 0 - Corpus Christi 0 |
TOP OF THE 7TH |
Portland Sea Dogs batting - Pitching for Corpus Christi Hooks : RHP Angel Cerros
|
Batting: LHB Keith Rice
|
0-0: Called Strike 0-1: Swinging Strike 0-2: Foul Ball, location: 2F 0-2: Ball 1-2: Strikes out swinging
|
Batting: RHB Miguel Villanueva
|
0-0: Ball 1-0: Ball 2-0: Called Strike 2-1: Swinging Strike 2-2: SINGLE (Flyball, 34D, EV 90.0 MPH)
|
Batting: RHB Frank Sokolosky
|
0-0: Called Strike 0-1: Foul Ball, location: 2F 0-2: Strikes out swinging
|
Batting: LHB Dave Reyes
|
0-0: Called Strike 0-1: Ground out 4-3 (Groundball, 4, EV 83.8 MPH)
|
Top of the 7th over - 0 runs, 1 hit, 0 errors, 1 left on base; Portland 0 - Corpus Christi 0 |
BOTTOM OF THE 7TH |
Corpus Christi Hooks batting - Pitching for Portland Sea Dogs : LHP Jon Convery
|
Batting: RHB Jesus Malave
|
0-0: Foul Ball, location: 2F 0-1: Ball 1-1: Ball 2-1: Ground out 3-1 (Groundball, 34S, EV 85.6 MPH)
|
Batting: RHB Alex Campos
|
0-0: Ball 1-0: Foul Ball, location: 2F 1-1: Foul Ball, location: 2F 1-2: Foul Ball, location: 2F 1-2: Foul Ball, location: 2F 1-2: Ball 2-2: DOUBLE (Line Drive, 89M, EV 113.8 MPH)
|
Batting: RHB Lamar Thornton
|
0-0: Called Strike 0-1: Ball 1-1: Swinging Strike 1-2: Ball 2-2: Ball 3-2: Base on Balls
|
Batting: RHB Juan Mendoza
|
0-0: Ball 1-0: Foul Ball, location: 2F 1-1: Ball 2-1: Foul Ball, location: 2F 2-2: Foul Ball, location: 2F 2-2: Strikes out looking
|
Batting: RHB John Sabean
|
0-0: Ball 1-0: Ground out 3-1 (Groundball, 34S, EV 80.6 MPH)
|
Bottom of the 7th over - 0 runs, 1 hit, 0 errors, 2 left on base; Portland 0 - Corpus Christi 0 |
TOP OF THE 8TH |
Portland Sea Dogs batting - Pitching for Corpus Christi Hooks : RHP Angel Cerros
|
Batting: RHB Sal Rivera
|
0-0: Foul Ball, location: 2F 0-1: Fly out, F8 (Line Drive, 8LM, EV 98.8 MPH)
|
Pinch Hitting: LHB Julian Toney
|
0-0: SINGLE (Flyball, 5D, EV 97.5 MPH)
|
Batting: RHB Ernie Genier
|
0-0: Called Strike Julian Toney steals 2nd base 0-1: Called Strike Julian Toney steals 3rd base 0-2: Ground out 5-3 (Groundball, 56S, EV 68.1 MPH)
|
Batting: RHB Alex Melendez
|
0-0: Ball 1-0: Ball 2-0: Ball 3-0: Base on Balls
|
Batting: RHB Travis Campbell
|
0-0: Ground out 4-3 (Groundball, 34, EV 98.8 MPH)
|
Top of the 8th over - 0 runs, 1 hit, 0 errors, 2 left on base; Portland 0 - Corpus Christi 0 |
BOTTOM OF THE 8TH |
Corpus Christi Hooks batting - Pitching for Portland Sea Dogs : LHP Jon Convery
|
Pitching: RHP Joseph Anderson
|
|
Now at 2B: Frank Sokolosky
|
|
Now at SS: Miguel Villanueva
|
|
Now in RF: Julian Toney
|
|
Batting: RHB Dave Gallegos
|
0-0: Ground out 5-3 (Groundball, 56S, EV 75.0 MPH)
|
Batting: RHB Edgar Trejo
|
0-0: Called Strike 0-1: Ball 1-1: Swinging Strike 1-2: Strikes out swinging
|
Batting: RHB Masaru Konno
|
0-0: Called Strike 0-1: Ball 1-1: Swinging Strike 1-2: Ball 2-2: Foul Ball, location: 2F 2-2: Foul Ball, location: 2F 2-2: Strikes out swinging
|
Bottom of the 8th over - 0 runs, 0 hits, 0 errors, 0 left on base; Portland 0 - Corpus Christi 0 |
TOP OF THE 9TH |
Portland Sea Dogs batting - Pitching for Corpus Christi Hooks : RHP Angel Cerros
|
Pitching: RHP Bobby Leija
|
|
Batting: LHB Keith Rice
|
0-0: Called Strike 0-1: Called Strike 0-2: DOUBLE (Groundball, 3L, EV 95.6 MPH)
|
Pinch Hitting: LHB Aaron Brannon
|
0-0: Intentional Walk
|
Pinch Hitting: LHB Sergio Tinoco
|
0-0: Called Strike 0-1: Swinging Strike 0-2: TRIPLE (Flyball, 8LXD, EV 105.6 MPH) Keith Rice scores Aaron Brannon scores
|
Batting: LHB Dave Reyes
|
0-0: Fly out, F6 (Popup, 6S, EV 68.1 MPH)
|
Batting: RHB Sal Rivera
|
0-0: Called Strike 0-1: Ball 1-1: Foul Ball, location: 2F 1-2: Strikes out swinging
|
Batting: LHB Julian Toney
|
0-0: Ball 1-0: SINGLE (Line Drive, 7LM, EV 105.6 MPH) Sergio Tinoco scores
|
Batting: RHB Ernie Genier
|
0-0: Called Strike Julian Toney steals 2nd base (no throw) 0-1: Foul Ball, location: 2F 0-2: Ball 1-2: Fly out, F7 (Flyball, 7, EV 94.4 MPH)
|
Top of the 9th over - 3 runs, 3 hits, 0 errors, 1 left on base; Portland 3 - Corpus Christi 0 |
BOTTOM OF THE 9TH |
Corpus Christi Hooks batting - Pitching for Portland Sea Dogs : RHP Joseph Anderson
|
Pitching: RHP Elliot Monroe
|
|
Now at 1B: Larry Brocato
|
|
Now at 2B: Aaron Brannon
|
|
Now at 3B: Keith Rice
|
|
Now at SS: Travis Campbell
|
|
Batting: RHB Elijah Hunter
|
0-0: Called Strike 0-1: Called Strike 0-2: Ball 1-2: Ball 2-2: Foul Ball, location: 2F 2-2: Foul Ball, location: 2F 2-2: Strikes out swinging
|
Batting: RHB Jesus Malave
|
0-0: Swinging Strike 0-1: Ball 1-1: Ball 2-1: Foul Ball, location: 2F 2-2: Strikes out swinging
|
Batting: RHB Alex Campos
|
0-0: Called Strike 0-1: Swinging Strike 0-2: Ball 1-2: Foul Ball, location: 2F 1-2: Ball 2-2: Strikes out swinging
|
Bottom of the 9th over - 0 runs, 0 hits, 0 errors, 0 left on base; Portland 3 - Corpus Christi 0 |
|